 Dungeon Crawl Stone Soup version 0.24.0-37-gcf1ca852f1 (webtiles) character file.

Game seed: 1331207894143879165, levelgen mode: deterministic

60 Kobolds4U the Magician (level 3, -13/21 HPs)
             Began as a Deep Elf Wizard on Nov 25, 2019.
             Mangled by a kobold
             ... wielding a +0 whip of distortion
              (14 damage)
             ... on level 2 of the Dungeon.
             The game lasted 00:05:11 (2159 turns).

Kobolds4U the Magician (Deep Elf Wizard)            Turns: 2159, Time: 00:05:11

Health: -13/21     AC:  3    Str:  4    XL:     3   Next: 82%
Magic:  11/11      EV: 13    Int: 22    God:
Gold:   64         SH:  0    Dex: 14    Spells: 1/11 levels left

rFire    . . .     SeeInvis .   a - +0 dagger (venom)
rCold    . . .     Gourm    .   (no shield)
rNeg     . . .     Faith    .   j - +0 robe
rPois    .         Spirit   .   b - +0 hat
rElec    .         Reflect  .   h - +0 cloak
rCorr    .         Harm     .   (no gloves)
MR       +....                  (no boots)
Stlth    ++........             (no amulet)
HPRegen  0.07/turn              e - ring of protection from magic
MPRegen  0.12/turn              (no ring)

@: no status effects
A: no striking features
a: no special abilities


You were on level 2 of the Dungeon.
You were not hungry.

You visited 1 branch of the dungeon, and saw 2 of its levels.

You collected 64 gold pieces.

Inventory:

Hand Weapons
 a - a +0 dagger of venom (weapon)
 p - a +1 dagger of freezing
Armour
 b - a +0 hat (worn)
 h - a +0 cloak (worn)
 j - a +0 robe (worn)
Jewellery
 e - a ring of protection from magic (left hand)
 o - an uncursed ring of ice {unknown}
Scrolls
 f - a scroll of teleportation {unknown}
 i - a scroll of random uselessness {unknown}
 l - a scroll of noise {unknown}
 m - a scroll of identify {unknown}
 q - a scroll of enchant weapon {unknown}
Potions
 c - a potion of heal wounds {unknown}
 g - a potion of degeneration {unknown}
 k - a potion of berserk rage {unknown}
Comestibles
 d - 4 rations
 n - a chunk of flesh


   Skills:
 - Level 2.0 Fighting
 - Level 2.4 Dodging
 + Level 3.5 Stealth
 + Level 4.9 Spellcasting
 - Level 1.1 Conjurations
 - Level 1.1 Summonings
 - Level 1.1 Translocations


You had one spell level left.
You knew the following spells:

 Your Spells              Type           Power        Failure   Level  Hunger
a - Magic Dart            Conj           ##..         7%          1    None
b - Blink                 Tloc           N/A          10%         2    None
c - Call Imp              Summ           ##......     10%         2    None
d - Slow                  Hex            #.......     16%         2    None
e - Conjure Flame         Conj/Fire      #.......     24%         3    ##.....

Your spell library contained the following spells:

 Spells                   Type           Power        Failure   Level  Hunger
 Mephitic Cloud           Conj/Pois/Air  #.......     26%         3    ##.....


Dungeon Overview and Level Annotations

Branches:
Dungeon (2/15)

Altars:


Message History

A kobold comes into view. It is wielding a +0 whip of distortion.
The worm bites you.
You completely miss the worm. You hit the worm but do no damage.
The worm is poisoned.
The worm closely misses you.
You completely miss the worm.
The worm is lightly wounded.
You barely miss the worm.
The worm is lightly wounded.
The worm bites you!
The kobold shouts!
You hit the worm.
The worm looks as sick as possible!
The worm is moderately wounded.
The worm bites you!
* * * LOW HITPOINT WARNING * * *
You hit the worm.
The worm is heavily wounded.
The kobold hits you but does no damage. Space warps horribly around you!
Ouch! That really hurt!
You die...

##.#.## ##.#.## #.
##.#.## #.###
##.#.## #.##÷##
##.#.## #.##.#.##
##.#.## #.##.#.#.##
#.#.##.#.##.#...#.##
#.##w#K##..[.##.#.#
#.#.##@#...#.##.#.##
##.#.##.#.#÷##.#.##
##.#.##.#.##.#.##
##^#.##.##.#.##
##.#.###.#.##
##.#.#.#.##
##.#.#.## ##.#(##
##.##


You could see a worm and a kobold.

Vanquished Creatures
  An adder (D:2)
  2 oozes (D:1)
  A dart slug (D:1)
  A leopard gecko (D:1)
  8 giant cockroaches (D:1)
  7 goblins
  4 hobgoblins (D:1)
  4 kobolds (D:1)
  A quokka (D:1)
  2 bats
  A frilled lizard (D:1)
  6 rats (D:1)
38 creatures vanquished.

Notes
Turn   | Place    | Note
-------+----------+-------------------------------------------
     0 | D:1      | Kobolds4U the Deep Elf Wizard began the quest for the Orb.
     0 | D:1      | Reached XP level 1. HP: 10/10 MP: 7/7
   255 | D:1      | Reached skill level 1 in Fighting
   373 | D:1      | Reached XP level 2. HP: 16/16 MP: 6/9
  1088 | D:1      | Reached XP level 3. HP: 13/21 MP: 0/10
  1355 | D:1      | Learned a level 2 spell: Blink
  1358 | D:1      | Learned a level 2 spell: Call Imp
  1361 | D:1      | Learned a level 2 spell: Slow
  1365 | D:1      | Learned a level 3 spell: Conjure Flame
  2158 | D:2      | HP: 1/21 [worm (9)]
  2159 | D:2      | Mangled by a kobold

Levels and vault maps discovered:
D:1:      onia_arrival_larder, layout_loops_ring
D:2:      minmay_inner_zag, layout_basic, nicolae_overflow_hidden_temple

Skill      XL: |  1  2  3 |
---------------+----------+-----
Fighting       | 1 2 |  2.0
Stealth        | 3 |  3.5
Dodging        | |  2.4
Spellcasting   | |  4.9
Conjurations   | |  1.1
Summonings     | |  1.1
Translocations | |  1.1

Action                   || total
-------------------------++-------
Melee: Unarmed           ||     5
       Dagger            ||    24
 Cast: Magic Dart        ||   102
 Stab: Sleeping          ||     2
  Eat: Chunk             ||     4
Armor: Robe              ||    10
Dodge: Dodged            ||    34
